 Dungeon Crawl Stone Soup version 0.21.1 (webtiles) character file.

61 Zachthehappycat the Charmwright (level 4, -1/34 HPs)
             Began as a Merfolk Skald on Feb 4, 2018.
             Slain by Crazy Yiuf
             ... wielding a +2 quarterstaff of chaos
              (7 damage)
             ... on level 2 of the Dungeon.
             The game lasted 00:09:47 (1705 turns).

Zachthehappycat the Charmwright (Merfolk Skald)     Turns: 1705, Time: 00:09:47

Health: -1/34      AC: 10    Str: 12    XL:     4   Next: 7%
Magic:  7/7        EV:  3    Int: 12    God:
Gold:   71         SH:  0    Dex: 13    Spells: 6/7 levels left

rFire    . . .     SeeInvis .   m - +2 dagger (venom)
rCold    . . .     Gourm    .   (no shield)
rNeg     . . .     Faith    +   h - +0 plate armour (curse)
rPois    .         Spirit   .   (no helmet)
rElec    .         Reflect  .   (no cloak)
rCorr    .         Harm     .   (no gloves)
MR       .....                  (no boots)
Stlth    ..........             s - amulet of faith
HPRegen  0.11/turn              (no ring)
MPRegen  0.10/turn              (no ring)

@: drained
A: change form in water, swift swim, stealthy swim
a: no special abilities


You were on level 2 of the Dungeon.
You were hungry.

You visited 1 branch of the dungeon, and saw 2 of its levels.

You collected 71 gold pieces.

Inventory:

Hand Weapons
 a - a +0 falchion
 m - a +2 dagger of venom (weapon)
 p - a +0 long sword
Missiles
 g - 6 poisoned needles
 l - 10 stones (quivered)
 n - 53 arrows
Armour
 b - a +0 leather armour
 h - a cursed +0 plate armour (worn)
Jewellery
 s - an amulet of faith (around neck)
 t - an uncursed ring of ice
Scrolls
 e - 4 scrolls of identify {unknown}
 f - a scroll of enchant armour {unknown}
 j - a scroll of remove curse {unknown}
 k - a scroll of blinking {unknown}
 q - a scroll of amnesia {unknown}
 u - a scroll of teleportation {unknown}
Potions
 i - a potion of haste {unknown}
 o - a potion of curing {unknown}
 r - a potion of heal wounds {unknown}
 v - a potion of might
 w - a potion of lignification {unknown}
Books
 c - a book of Battle

   Spells                             Type                      Level
   a - Infusion                       Charms                       1
   b - Shroud of Golubria             Charms/Translocation         2
   c - Song of Slaying                Charms                       2
   d - Spectral Weapon                Hexes/Charms                 3
   e - Regeneration                   Charms/Necromancy            3
Comestibles
 d - 2 rations


   Skills:
 + Level 2.7(2.4) Fighting
 + Level 2.6(2.3) Long Blades
 + Level 1.1(0.8) Armour
 + Level 3.1(2.8) Dodging
 + Level 1.2(0.9) Stealth
 + Level 2.3(2.0) Spellcasting
 + Level 3.7(3.4) Charms


You had 6 spell levels left.
You knew the following spells:

 Your Spells              Type           Power        Failure   Level  Hunger
a - Infusion              Chrm           #...         100%        1    ##.....


Dungeon Overview and Level Annotations

Branches:
Dungeon (2/15)

Altars:

Annotations:
D:2 Crazy Yiuf


Message History

Aim: Crazy Yiuf, wielding a quarterstaff of chaos and wearing an embroidered cloak You throw a stone.
The stone hits Crazy Yiuf but does no damage.
Crazy Yiuf hits you with a quarterstaff of chaos!
Crazy Yiuf freezes you.
There is an open door, spattered with blood here.
Your plate armour prevents you from hitting Crazy Yiuf.
Crazy Yiuf hits you with a quarterstaff of chaos.
You feel drained.
You hit Crazy Yiuf but do no damage.
Crazy Yiuf is poisoned.
Crazy Yiuf drinks a potion.
Crazy Yiuf seems to grow stronger.
You hit Crazy Yiuf.
Crazy Yiuf is moderately wounded.
Crazy Yiuf hits you with a quarterstaff of chaos!
* * * LOW HITPOINT WARNING * * *
You hit Crazy Yiuf.
Crazy Yiuf is heavily wounded.
Crazy Yiuf sings, "Trees, trees, trees, circus!"
Crazy Yiuf hits you with a quarterstaff of chaos!
You die...

######### ........#
#######.# ..# #.# #.#
#.# #.# ### #.#######
################
........# ####
###.#.............
.>###.###
#...##@.#.......######.
........#
#.(.'g####......# #.
.####.#.# #)..###
##....## #. .# #...#
#### ###### ## <# ###.#
.######.# ........#####
### .########...# #.#
....>.....#.# #.# #


You could see Crazy Yiuf.

Vanquished Creatures
  3 adders (D:2)
  A dart slug (D:1)
  A leopard gecko (D:2)
  A ball python (D:1)
  2 giant cockroaches (D:1)
  7 goblins
  3 hobgoblins
  2 kobolds
  6 bats
  6 rats
32 creatures vanquished.

Notes
Turn   | Place    | Note
-------+----------+-------------------------------------------
     0 | D:1      | Zachthehappycat the Merfolk Skald began the quest for the Orb.
     0 | D:1      | Reached XP level 1. HP: 16/16 MP: 3/3
    98 | D:1      | Reached XP level 2. HP: 13/22 MP: 5/5
   657 | D:1      | Reached XP level 3. HP: 28/28 MP: 6/6
  1050 | D:2      | Reached skill level 1 in Armour
  1361 | D:2      | Reached skill level 1 in Stealth
  1628 | D:2      | Reached XP level 4. HP: 34/34 MP: 7/7
  1693 | D:2      | Found a runed door.
  1697 | D:2      | Noticed Crazy Yiuf
  1705 | D:2      | Slain by Crazy Yiuf

Skill      XL: |  1  2  3 |
---------------+----------+-----
Dodging        | 3 |  3.1
Armour         | 1 |  1.1
Stealth        | 1 |  1.2
Fighting       | |  2.7
Long Blades    | |  2.6
Spellcasting   | |  2.3
Charms         | |  3.7

Action                   |  1- 3 |  4- 6 || total
-------------------------+-------+-------++-------
Melee: Falchion          |    66 |       ||    66
       Dagger            |    43 |     4 ||    47
Throw: Stone             |       |     1 ||     1
  Eat: Chunk             |     2 |       ||     2
Armor: Leather armour    |     8 |       ||     8
       Plate armour      |    73 |       ||    73
Dodge: Dodged            |    34 |       ||    34
       Rpst.: Falchion   |     8 |       ||     8
